 Dungeon Crawl Stone Soup version 0.27.1-33-g824d729ab1 (webtiles) character file.

Game seed: 11995874018627958675

52 dianekeaton the Twirler (level 3, -11/30 HPs)
             Began as a Minotaur Gladiator on Dec 8, 2021.
             Mangled by an ogre (32 damage)
             ... on level 3 of the Dungeon.
             The game lasted 00:03:52 (1495 turns).

dianekeaton the Twirler (Minotaur Gladiator)        Turns: 1495, Time: 00:03:53

Health: -11/30     AC:  4    Str: 18    XL:     3   Next: 60%
Magic:  2/2        EV: 10    Int:  5    God:
Gold:   92         SH:  0    Dex: 12    Spells: 2/2 levels left

rFire    . . .     SeeInvis .   a - +0 quarterstaff
rCold    . . .     Faith    .   (shield currently unavailable)
rNeg     . . .     Spirit   .   b - +0 leather armour
rPois    .         Reflect  .   c - +0 hat
rElec    .         Harm     .   (no cloak)
rCorr    .         Rampage  .   (no gloves)
Will     .....                  m - +0 pair of boots
Stlth    +.........             (no amulet)
HPRegen  0.10/turn              (no ring)
MPRegen  0.08/turn              (no ring)

@: constricted
A: horns 2, retaliatory headbutt
a: no special abilities


You were on level 3 of the Dungeon.
You visited 1 branch of the dungeon, and saw 3 of its levels.

You collected 92 gold pieces.

Inventory:

Hand Weapons
 a - a +0 quarterstaff (weapon)
Missiles
 d - 2 throwing nets (quivered)
Armour
 b - a +0 leather armour (worn)
 c - a +0 hat (worn)
 m - a +0 pair of boots (worn)
Jewellery
 g - a ring of resist corrosion
 h - a ring of flight
 n - a ring of ice
Scrolls
 e - a scroll of identify {unknown}
 f - 2 scrolls of fear {unknown}
 k - 2 scrolls of magic mapping {unknown}
 l - a scroll of fog {unknown}
Potions
 i - a potion of magic {unknown}
 j - a potion of haste {unknown}


   Skills:
 - Level 2.4 Fighting
 * Level 4.7 Staves
 - Level 2.0 Throwing
 * Level 1.0 Armour
 + Level 4.1 Dodging


You had 2 spell levels left.
You didn't know any spells.
Your spell library contained the following spells:

 Spells                   Type           Power      Damage    Failure   Level
 Sting                    Tmut/Pois      0%         1d3       54%         1
 Poisonous Vapours        Pois/Air       0%         N/A       67%         2
 Ozocubu's Armour         Ice            0%         N/A       88%         3
 Olgreb's Toxic Radiance  Pois           0%         N/A       99%         4
 Ozocubu's Refrigeration  Ice            0%         4d5       100%        7


Dungeon Overview and Level Annotations

Branches:
Dungeon (3/15)

Altars:
Beogh


Innate Abilities, Weirdness & Mutations

You have a pair of horns on your head.
You reflexively headbutt those who attack you in melee.


Message History

Done exploring.
Done exploring.
There is a stone staircase leading down here.
You climb downwards.
Found 16 gold pieces.
There is a stone staircase leading up here.
An adder comes into view.
The adder hisses angrily.
The endoplasm quivers.
The adder moves out of view.
A ball python and an ogre come into view.
The ball python hisses angrily.
The ogre shouts!
You hear an angry hiss.
You see here 16 gold pieces.
You hit the endoplasm. You headbutt the endoplasm.
You kill the endoplasm!
The adder bites you.
You barely miss the adder. The adder bites you.
You sock the adder! Your headbutt misses the adder.
The adder is severely wounded.
The adder closely misses you.
An orc comes into view. It is wielding a +0 hand axe.
You barely miss the adder.
The adder is severely wounded.
The adder bites you but does no damage. The adder bites you.
You thump the adder!
You kill the adder!
The ball python bites you but does no damage.
The ball python grabs you. The ball python constricts you.
A giant cockroach comes into view.
The ball python bites you but does no damage.
The ball python constricts you.
Your Dodging skill increases to level 4!
Throw: 3 throwing nets
Press: ? - help, Q - select action Shift-Dir - straight line, f - ogre
Aim: an ogre, wielding a +0 giant spiked club (74% to hit)
You throw a throwing net.
The throwing net barely misses the ogre.
The ogre hits you with a +0 giant spiked club!!
Ouch! That really hurt!
You die...

.... ... ...
###..#### ..B.
##.....(.# ..##
#........#...≈≈
.........#..#
......SO....#
.......@....#
.........#..#
.......<.# .#
.....#.......#
......###......
...... ......
...... ...###
...... ...#
..... ...


You could see an ogre, a giant cockroach and a ball python.

Vanquished Creatures
  2 adders
  2 dart slugs
  5 bats
  3 endoplasms
  2 giant cockroaches (D:1)
  3 hobgoblins
  4 quokkas
  2 goblins (D:1)
  2 kobolds
  3 rats
28 creatures vanquished.

Notes
Turn   | Place    | Note
-------+----------+-------------------------------------------
     0 | D:1      | dianekeaton the Minotaur Gladiator began the quest for the
                  | Orb.
     0 | D:1      | Reached XP level 1. HP: 18/18 MP: 0/0
   248 | D:1      | Reached XP level 2. HP: 24/25 MP: 1/1
   388 | D:1      | Found a faded altar of an unknown god.
  1092 | D:2      | Reached skill level 1 in Armour
  1140 | D:2      | Reached XP level 3. HP: 30/30 MP: 2/2
  1489 | D:3      | Noticed an ogre
  1495 | D:3      | Mangled by an ogre

Illustrated notes

Levels and vault maps discovered:
D:1:      beargit_arrival_diablo_church, layout_basic,
          hellmonk_ecumenical_altar_defaced_shrine,
          ebering_dispersal_statue_hall, chequers_decorated_corner,
          serial_bayou_pond_a, glass_columns_a
D:2:      layout_loops_cross
D:3:      layout_rooms, serial_shops, nicolae_shop_window_shopping, shop,
          nicolae_shop_crystal, shop_coins, minivault_4

Skill      XL: |  1  2  3 |
---------------+----------+-----
Staves         | 4 |  4.7
Armour         | 1 |  1.0
Dodging        | 4 |  4.1
Fighting       | |  2.4
Throwing       | |  2.0

Action                   || total
-------------------------++-------
Melee: Quarterstaff      ||    63
       Headbutt          ||     8
Throw: Throwing net      ||     1
Armor: Leather armour    ||    21
Dodge: Dodged            ||    43
